[Event "*** MasterClass Titled Tuesday Blitz"]
[Site "Chess.com"]
[Date "2017.07.04"]
[Round "8"]
[White "IMJonathanCarlstedt"]
[Black "merillium"]
[Result "1-0"]
[WhiteElo "2455"]
[BlackElo "2329"]
[TimeControl "180+2"]
[EndTime "14:52:36 PDT"]
[Termination "IMJonathanCarlstedt won by resignation"]

1. d4 Nf6 2. Bf4 d5 3. e3 c5 4.
c3 Nc6 5. Nd2 e6 6. Ngf3 cxd4 7.
exd4 Nh5 8. Bg3 f5 9. Be5 Nf6 10. Bd3 Be7 11. O-O O-O 12. Re1 Ne4 13. h3 Bd7 14. Bh2 Bf6 15. Ne5 Be8 16. Ndf3 Bh5 17. Qc2 Rc8 18. Nxc6 Rxc6 19. Ne5 Rc8 20. f3 Nd6 21.
Qe2 Re8 22. g4 Bg6 23. Nxg6 hxg6 24. Kg2 Kf7 25. Bf4 a6 26. Qe3 Nc4 27. Bxc4 Rxc4 28. g5 e5 29. gxf6 exf4 30. Qxe8+ Qxe8 31. Rxe8 Kxe8 32. fxg7 Kf7 33. Re1 Rc7 34. Re8 Kxg7 35. Rd8 Re7 36.
Kf2 Kf6 37. Rd6+ Kg5 38. Rxd5 Kh4 39. Rd6 Kg5 40. d5 Rh7 41. Kg2 Re7 42. Re6 Rxe6 43. dxe6 Kf6 44. h4 Kxe6 45. Kf2 Kf7 46. c4 Ke6 47.
Ke2 Kd6 48. Kd3 b6 49. Kd4 Kc6 50. b4 Kd6 51. a3 Kc6 52. Ke5 a5 53. Kxf4 a4 54.
Kg5 1-0

[Event "*** MasterClass Titled Tuesday Blitz"]
[Site "Chess.com"]
[Date "2017.07.04"]
[Round "8"]
[White "Tonychess32"]
[Black "GMAkobianSTL"]
[Result "0-1"]
[WhiteElo "2446"]
[BlackElo "2557"]
[TimeControl "180+2"]
[EndTime "14:52:40 PDT"]
[Termination "GMAkobianSTL won by resignation"]

1. e4 d6 2. d4 Nf6 3. Nc3 c6 4. Nf3 Bg4 5. Be2 e6 6. h3 Bh5 7. O-O d5 8. e5 Nfd7 9. Nb1 c5 10. c3 Nc6 11. Nbd2 Qb6 12. Nb3 a5 13. a4 cxd4 14.
cxd4 Be7 15. Be3 O-O 16. Bb5 f6 17. exf6 Bxf6 18. g4 Bg6 19. Rc1 Rac8 20. Ne1 Qd8 21. f4 Na7 22. Rxc8 Qxc8 23. Bd3 Bxd3 24. Nxd3 b6 25. Ne5 Nc6 26. Nxd7 Qxd7 27. Nc1 Qd6 28. Nd3 Bxd4 29. Bxd4 Nxd4 30. Ne5 Nc6 31. Nd3 Nb4 32. Ne5 d4 33. Qf3 d3 34. Rd1 d2 35. Qe3 Rd8 36. Nc4 Qd4 37. Qxd4 Rxd4 38. b3 Nd5 39.
Rxd2 Rxd2 40. Nxd2 Nxf4 41. Kh2 Kf7 42. Kg3 Nd5 43.
Kf3 g5 44. Ke4 Kf6 45. Nf3 h6 46. h4 gxh4 47. Nxh4 Kg5 48. Nf3+ Kxg4 49. Nd4 Nc7 50. Ke5 h5 51. Kd6 h4 52. Kxc7 h3 53. Nc2 h2 54.
Ne3+ Kf3 0-1

[Event "*** MasterClass Titled Tuesday Blitz"]
[Site "Chess.com"]
[Date "2017.07.04"]
[Round "8"]
[White "Keranke"]
[Black "Fandorine"]
[Result "1-0"]
[WhiteElo "2654"]
[BlackElo "2656"]
[TimeControl "180+2"]
[EndTime "14:52:45 PDT"]
[Termination "Keranke won by checkmate"]

1. d4 Nf6 2. Bf4 d6 3. e3 g6 4. h3 Bg7 5. Nf3 O-O 6. Be2 c5 7. O-O Nc6 8. c3 b6 9. Nbd2 Bb7 10. Bh2 a6 11. a4 Nd7 12. Qb3 Rb8 13. Nc4 Ba8 14. d5 b5 15. axb5 axb5 16. Nxd6 exd6 17.
dxc6 Bxc6 18. Bxd6 c4 19. Qd1 Ra8 20. Rxa8 Qxa8 21. Bxf8 Bxf8 22. b3 cxb3 23. Qxb3 Nc5 24. Qb1 Ne4 25. Rc1 Nd6 26. Ne1 Qa3 27. Bf3 Bd7 28.
Bd5 Bg7 29. c4 b4 30. Nc2 Qa6 31. Qxb4 Bf8 32. Nd4 Ne4 33. Qb7 Qa3 34. Bxf7+ Kh8 35. Rf1 Nc5 36. Qf3 Be7 37. Bd5 Be8 38. Ne6 Nd3 39. Nc7 Ba4 40. Qf7 Ne5 41. Qg8# 1-0

[Event "*** MasterClass Titled Tuesday Blitz"]
[Site "Chess.com"]
[Date "2017.07.04"]
[Round "8"]
[White "platy3"]
[Black "JeffReinberg"]
[Result "0-1"]
[WhiteElo "2601"]
[BlackElo "2591"]
[TimeControl "180+2"]
[EndTime "14:52:51 PDT"]
[Termination "JeffReinberg won by resignation"]

1. e4 c5 2. Nf3 g6 3. d4 cxd4 4. Nxd4 Nf6 5. Nc3 d6 6. Be3 Bg7 7. f3 O-O 8. Qd2 Nc6 9. O-O-O d5 10. Qe1 e5 11. Nxc6 bxc6 12. exd5 Nxd5 13. Bc4 Be6 14.
Kb1 Qb8 15. Bc5 Rd8 16. Ne4 a5 17. h4 a4 18. h5 a3 19. b3 Nf4 20. Bxe6 Rxd1+ 21. Qxd1 Nxe6 22. hxg6 hxg6 23. Be7 f5 24.
Qd7 Qc8 25. Nf6+ Kf7 26. Qd6 Bxf6 27. Bxf6 Kxf6 28. g4 Qd8 29. g5+ Kf7 30. Qxe5 Ng7 31. Qc3 Qxg5 32. Qxc6 Re8 33. Qb7+ Qe7 34. Qd5+ Qe6 35.
Qd2 Qe5 36. c3 Qe2 37. Rd1 Qxf3 38. Qd5+ Qxd5 39. Rxd5 f4 40. b4 Re2 41. Rd4 g5 0-1

[Event "*** MasterClass Titled Tuesday Blitz"]
[Site "Chess.com"]
[Date "2017.07.04"]
[Round "8"]
[White "OparinGrigoriy"]
[Black "Cryptochess"]
[Result "1-0"]
[WhiteElo "2750"]
[BlackElo "2505"]
[TimeControl "180+2"]
[EndTime "14:52:55 PDT"]
[Termination "OparinGrigoriy won by resignation"]

1. e4 d6 2. d4 Nf6 3. Nc3 g6 4. Nge2 Bg7 5. h4 c6 6. Ng3 h5 7. Bg5 b5 8. Qd2 O-O 9. Be2 e5 10. O-O b4 11. Nd1 exd4 12. Qxd4 c5 13. Qd2 Bb7 14. Ne3 Re8 15. Rad1 Qc7 16. Bxf6 Bxf6 17. Bxh5 Bxh4 18. Ngf5 Rxe4 19. Nd5 Qd8 20. Qh6 gxf5 21. Bxf7+ Kxf7 22. Qh7+ Ke8 23. Qxb7 Na6 24. Qxa6 Qd7 25. Qd3 Kf7 26. Ne3 Rg8 27. Qd5+ Qe6 28. Nxf5 Qxd5 29. Rxd5 Ke6 30. Rfd1 Re5 31. Rxe5+ dxe5 32. Nxh4 c4 33. Nf3 c3 34. bxc3 bxc3 35. Re1 Rb8 1-0

[Event "*** MasterClass Titled Tuesday Blitz"]
[Site "Chess.com"]
[Date "2017.07.04"]
[Round "8"]
[White "jeaston1"]
[Black "Rodalquilar"]
[Result "0-1"]
[WhiteElo "2054"]
[BlackElo "2512"]
[TimeControl "180+2"]
[EndTime "14:53:01 PDT"]
[Termination "Rodalquilar won on time"]

1. d4 Nf6 2. c4 e6 3. g3 d5 4. Nf3 Be7 5. Bg2 O-O 6. O-O dxc4 7. Qc2 b6 8. Ne5 Qxd4 9. Bxa8 Qxe5 10. Bf4 Qh5 11.
Bg2 e5 12. Bf3 Ng4 13. Bxg4 Bxg4 14. f3 Bc5+ 15. Kh1 Bf5 16. Qxc4 exf4 17. Qxf4 Bh3 18.
Rd1 Bd6 19. Qe3 Bc5 20. Qe4 Bf5 21. Qf4 Re8 22. Nc3 Bd6 23. Rxd6 cxd6 24. g4 Qh4 25. Qxf5 Qf2 26. Qb5 Qe3 27. Rd1 h6 28. Qd3 Qf2 29. Qxd6 Na6 30. Qd7 Rxe2 0-1

[Event "*** MasterClass Titled Tuesday Blitz"]
[Site "Chess.com"]
[Date "2017.07.04"]
[Round "8"]
[White "Gabrielian_Artur"]
[Black "A-Fier"]
[Result "1-0"]
[WhiteElo "2572"]
[BlackElo "2553"]
[TimeControl "180+2"]
[EndTime "14:53:04 PDT"]
[Termination "Gabrielian_Artur won by resignation"]

1. e4 c5 2. c3 d5 3. exd5 Qxd5 4.
Nf3 Nf6 5. Na3 Nc6 6. Nc2 e6 7. d4 Qd8 8. Bb5 Bd7 9. O-O Be7 10. dxc5 Bxc5 11. Bg5 h6 12. Bh4 Be7 13. Qe2 O-O 14.
Rad1 Qc8 15. Rfe1 a6 16. Bd3 Qc7 17. Bg3 Qb6 18. Ne5 Nxe5 19. Bxe5 Qxb2 20. Rb1 Qxa2 21. Rxb7 Rad8 22. Bxa6 Qd5 23. Nb4 Qa5 24. Bc7 Qc5 25.
Bxd8 Rxd8 26. Qc4 Qg5 27. h4 Qg6 28. Bb5 Rc8 29. Nc6 Bxc6 30. Bxc6 Bd6 31. Rd1 Be5 32. Qb5 Qg4 33. Bf3 Qf4 34. Kf1 Bxc3 35. Qd3 Qxh4 36. g3 Qa4 37. Kg2 Ba5 38. Rdb1 g6 39. Ra7 Rc5 40. Rb8+ Kg7 41. Rbb7 Qe8 42. Qa3 Rf5 43.
Rxa5 Nd5 44. Bxd5 exd5 45. Qc3+ Kh7 46. Qd4 Qd8 47. Raa7 Qe8 48. g4 1-0

[Event "*** MasterClass Titled Tuesday Blitz"]
[Site "Chess.com"]
[Date "2017.07.04"]
[Round "8"]
[White "stalyansky"]
[Black "MarshKnight"]
[Result "0-1"]
[WhiteElo "2227"]
[BlackElo "2149"]
[TimeControl "180+2"]
[EndTime "14:53:34 PDT"]
[Termination "MarshKnight won by checkmate"]

1. e4 e5 2. Nf3 Nc6 3. Bb5 f5 4. Nc3 fxe4 5. Nxe4 Nf6 6. Qe2 d5 7. Nxf6+ gxf6 8. d4 Bg7 9. dxe5 O-O 10. e6 Re8 11.
Be3 Bxe6 12. O-O Qe7 13. Rfe1 Bg4 14. h3 Bh5 15. g4 Bg6 16. Qd2 Qf7 17. c3 a6 18. Bd3 Bxd3 19. Qxd3 Ne5 20. Qd1 f5 21. Ng5 Qg6 22. Qxd5+ Kh8 23. f4 h6 24. Bd4 Rad8 25.
Qxb7 hxg5 26. Bxe5 Bxe5 27. Rxe5 Rxe5 28. Qxc7 Red5 29.
Re1 R5d7 30. Qe5+ Qg7 31. Qxf5 gxf4 32. Qh5+ Kg8 33. g5 Rd5 34. Kf2 Qxg5 35. Rg1 Rd2+ 36. Kf3 R8d3+ 37. Ke4 Re3# 0-1

[Event "*** MasterClass Titled Tuesday Blitz"]
[Site "Chess.com"]
[Date "2017.07.04"]
[Round "8"]
[White "Blitzstream"]
[Black "politeplayer"]
[Result "1-0"]
[WhiteElo "2450"]
[BlackElo "2182"]
[TimeControl "180+2"]
[EndTime "14:53:37 PDT"]
[Termination "Blitzstream won by resignation"]

1. d4 d5 2. Nc3 Nf6 3. Bf4 c5 4. e3 cxd4 5. exd4 a6 6. Bd3 Nc6 7. Nge2 Bg4 8. f3 Bh5 9. g4 Bg6 10. h4 e6 11. h5 Bxd3 12. Qxd3 Bd6 13. h6 g6 14. Bg5 Be7 15. Bf4 Qa5 16. a3 Rc8 17.
Kf2 b5 18. Kg2 Qb6 19. Bg3 Na5 20. Nd1 Nc4 21. c3 Bd6 22. Bxd6 Qxd6 23. a4 e5 24. dxe5 Nxe5 25. Qd4 Rc4 26. Qe3 O-O 27. Nd4 Re8 28. Re1 Rcc8 29. Qf4 Nfd7 30. axb5 axb5 31. Nf2 Qb6 32.
Nh3 Nd3 33. Rxe8+ Rxe8 34. Qd2 N7e5 35. Nf2 Nxf2 36. Qxf2 Nd3 37. Qd2 Nc5 38. Re1 Rxe1 39. Qxe1 Qd8 40. Qe5 Kf8 41. Qh8+ Ke7 42. Nc6+ 1-0

[Event "*** MasterClass Titled Tuesday Blitz"]
[Site "Chess.com"]
[Date "2017.07.04"]
[Round "8"]
[White "AndrewDGreen"]
[Black "grobesk"]
[Result "1/2-1/2"]
[WhiteElo "2178"]
[BlackElo "2215"]
[TimeControl "180+2"]
[EndTime "14:53:41 PDT"]
[Termination "Game drawn by repetition"]

1. d4 Nf6 2. Nf3 d5 3. Bf4 Nc6 4. e3 Bg4 5. c4 e6 6. a3 Bd6 7.
Bg3 O-O 8. Nc3 a6 9. Bd3 dxc4 10. Bxc4 Bxg3 11. hxg3 e5 12. dxe5 Qxd1+ 13. Rxd1 Bxf3 14. gxf3 Nxe5 15. Be2 Rad8 16. f4 Rxd1+ 17. Kxd1 Ned7 18. Kc2 Rd8 19. Rd1 Kf8 20. e4 c6 21. e5 Ne8 22.
Ne4 Ke7 23. Bc4 f6 24. e6 Nb6 25. Bb3 Rxd1 26. Kxd1 f5 27. Nc5 Nd6 28. Ke2 Nd5 29.
Bxd5 cxd5 30. Kd3 b6 31. Nxa6 Kxe6 32. Nc7+ Kd7 33. Nxd5 Kc6 34. Kd4 Nb5+ 35. Ke5 g6 36. b4 Nxa3 37. Nc3 Nb5 38. Nd5 Na3 39. Nc3 Nb5 40. Nd5 Na3 1/2-1/2

[Event "*** MasterClass Titled Tuesday Blitz"]
[Site "Chess.com"]
[Date "2017.07.04"]
[Round "8"]
[White "maheswaran26"]
[Black "Me_ch_an"]
[Result "1-0"]
[WhiteElo "2153"]
[BlackElo "2244"]
[TimeControl "180+2"]
[EndTime "14:53:47 PDT"]
[Termination "maheswaran26 won on time"]

1. d4 d5 2. c4 dxc4 3. e3 e5 4. dxe5 Qxd1+ 5. Kxd1 Nc6 6. Nf3 Bg4 7. Bxc4 Nxe5 8. Be2 Nxf3 9. Bxf3 Bxf3+ 10. gxf3 O-O-O+ 11. Ke2 Nf6 12. Nc3 Bb4 13. Bd2 c6 14. Rhg1 g6 15.
Rac1 Rd7 16. Nb1 Be7 17. Bc3 Rhd8 18. Bd4 Kb8 19. Nc3 Nd5 20. Nxd5 Rxd5 21. f4 f5 22. h4 c5 23. Be5+ Kc8 24. h5 g5 25. Rgd1 b6 26.
Rxd5 Rxd5 27. f3 gxf4 28. Bxf4 Bf6 29. b3 Kb7 30. h6 b5 31. e4 fxe4 32. fxe4 Rh5 33.
Rg1 c4 34. Rg7+ Kb6 35. bxc4 bxc4 36. Rxh7 c3 37. Rf7 Bd4 38. h7 Rh1 39. Kd3 Rd1+ 40.
Kc2 Rh1 41. e5 Kc5 42. Rf8 Ra1 43. h8=Q Rxa2+ 44. Kd3 1-0

[Event "*** MasterClass Titled Tuesday Blitz"]
[Site "Chess.com"]
[Date "2017.07.04"]
[Round "8"]
[White "ChessQueen"]
[Black "aspired"]
[Result "1-0"]
[WhiteElo "2530"]
[BlackElo "2515"]
[TimeControl "180+2"]
[EndTime "14:54:25 PDT"]
[Termination "ChessQueen won by resignation"]

1. e4 e5 2. Nf3 Nc6 3. Bb5 Nf6 4. O-O Nxe4 5. d4 Nd6 6. Bxc6 dxc6 7. dxe5 Nf5 8.
Qxd8+ Kxd8 9. Rd1+ Ke8 10. Nc3 Be7 11. Ne2 Nh4 12. Ng5 Bf5 13. Nd4 Rd8 14. Be3 Bc8 15. e6 fxe6 16. Ngxe6 Bxe6 17. Nxe6 Rxd1+ 18. Rxd1 Kf7 19. Nxc7 Rd8 20. Re1 Bd6 21. Ne6 Kxe6 22. Bg5+ Kd7 23. Bxh4 Rf8 24. f3 Rf5 25. Rd1 Ke6 26. Bf2 a5 27.
Kf1 a4 28. c4 b5 29. cxb5 Rxb5 30. Bd4 g6 31. Rd2 Bxh2 32. Rc2 Kd5 33. Bg7 Bd6 34. Ke2 Rb7 35. Bc3 c5 36. Rd2+ Kc6 37. Rd1 Re7+ 38. Kd3 Kd5 39. Rh1 c4+ 40. Kd2 Bf4+ 41.
Kd1 g5 42. Rh6 Rd7 43. Ra6 Kc5+ 44. Kc2 Re7 45. Kd1 Rd7+ 46. Ke2 Re7+ 47. Kf1 h5 48. Rxa4 Re8 49. Ra5+ Kc6 50. a4 h4 51. Bf6 Bg3 52.
Bc3 Bf4 53. Ra6+ Kc5 54. Rg6 Rd8 55. Ke2 Re8+ 56. Kd1 Rd8+ 57. Ke2 Re8+ 58. Kf1 Rd8 59. a5 Rd1+ 60. Ke2 Rg1 61. Kf2 Ra1 62. b4+ 1-0

[Event "*** MasterClass Titled Tuesday Blitz"]
[Site "Chess.com"]
[Date "2017.07.04"]
[Round "8"]
[White "Godzillator"]
[Black "mokerslag"]
[Result "1-0"]
[WhiteElo "2289"]
[BlackElo "2443"]
[TimeControl "180+2"]
[EndTime "14:54:26 PDT"]
[Termination "Godzillator won by resignation"]

1. d4 e6 2. c4 d5 3. cxd5 exd5 4. Nc3 Be7 5. Qc2 Nf6 6. Bg5 O-O 7. e3 h6 8. Bh4 c5 9. dxc5 Nbd7 10. Rd1 Nxc5 11.
Bxf6 Bxf6 12. Nxd5 b6 13. b4 Ne6 14. Nxf6+ Qxf6 15. Nf3 Bb7 16. Be2 Rac8 17. Qb3 Ng5 18. Nxg5 Qxg5 19. Bf3 Bxf3 20. gxf3 Qg2 21. Ke2 Qg6 22. Rd2 Rc6 23. Rhd1 Qh5 24. Qd5 Qg6 25. Qe4 Qf6 26. Rd7 Re6 27. Qd4 Qg6 28. Rd8 Rxd8 29. Qxd8+ Kh7 30. Qd3 f5 31. Qd5 Qf6 32. Rd2 Re5 33. Qd6 Re6 34. Qd4 Qf7 35. Qd7 Re7 36. Qd5 Qh5 37.
Rd4 Rf7 38. h4 Rf6 39. Rf4 Qg6 40. b5 Rf8 41. e4 Rc8 42. Qxf5 Rc2+ 43. Ke3 Rxa2 44.
h5 Qxf5 45. Rxf5 Kg8 46. e5 Ra1 47. Kd4 Rd1+ 48. Kc4 Re1 49. f4 Re2 50. Kd5 Rd2+ 51. Kc6 Rxf2 52. e6 Re2 53. Kd7 Rd2+ 54. Ke8 Ra2 55.
e7 a6 56. Rf8+ Kh7 57. Kf7 Re2 58. e8=Q Rxe8 59. Rxe8 axb5 60. Rb8 1-0

[Event "*** MasterClass Titled Tuesday Blitz"]
[Site "Chess.com"]
[Date "2017.07.04"]
[Round "8"]
[White "Noukii"]
[Black "Adham_Fawzy"]
[Result "1-0"]
[WhiteElo "2598"]
[BlackElo "2427"]
[TimeControl "180+2"]
[EndTime "14:54:47 PDT"]
[Termination "Noukii won by resignation"]

1. d4 Nf6 2. Nf3 e6 3. Bg5 c5 4. e3 Qb6 5. Nbd2 d5 6. Rb1 Nc6 7. c3 cxd4 8. exd4 Be7 9. Bd3 h6 10. Bh4 Nh5 11. Bxe7 Nxe7 12. O-O Nf4 13. Bc2 O-O 14.
Re1 f6 15. Nf1 Nc6 16. Ne3 Qd8 17. g3 Nh3+ 18. Kg2 Ng5 19. Nxg5 hxg5 20. h4 f5 21.
hxg5 Qxg5 22. f4 Qf6 23. Qh5 Bd7 24. Rh1 Rac8 25. Rbe1 Rfe8 26. g4 Ne7 27. Kf3 Ng6 28. g5 Qf7 29. Nd1 Bc6 30. Nf2 e5 31. fxe5 Nxe5+ 32. dxe5 d4+ 33. Kf4 Bxh1 34. g6 Qd5 35. Rxh1 Kf8 36.
Bb3 Rc4 37. Qh8+ Ke7 38. Qxg7+ Kd8 39. Bxc4 Qxc4 40. Qf6+ Kc8 41. Qxf5+ Kb8 42. Ne4 dxc3 43. bxc3 Qe2 44. g7 Rd8 45. Rh8 Qf1+ 46. Kg5 Qg2+ 47.
Qg4 Qxg4+ 48. Kxg4 Kc7 49. Rxd8 Kxd8 50. g8=Q+ Kc7 51.
Qe6 Kb8 52. Qd7 a6 53. Nd6 1-0

[Event "*** MasterClass Titled Tuesday Blitz"]
[Site "Chess.com"]
[Date "2017.07.04"]
[Round "8"]
[White "vpantev"]
[Black "wonderfultime"]
[Result "0-1"]
[WhiteElo "2455"]
[BlackElo "2661"]
[TimeControl "180+2"]
[EndTime "14:54:50 PDT"]
[Termination "wonderfultime won by resignation"]

1. d4 d5 2. Nf3 Nf6 3. Bf4 e6 4. e3 c5 5. Nbd2 Qb6 6. Rb1 Be7 7. h3 O-O 8. c3 Bd7 9. Qb3 Nc6 10.
Be2 Rfc8 11. O-O h6 12. Ne5 Be8 13. Rfe1 Na5 14. Qxb6 axb6 15. a3 Nc6 16. Bf3 Nd7 17. Nxd7 Bxd7 18. Be2 Be8 19. g4 f6 20. Bd3 e5 21.
Bg3 Rd8 22. Bb5 Bg6 23. Rbc1 Bd6 24. dxe5 Nxe5 25. Kg2 Bd3 26. Bxe5 Bxb5 27. Bxd6 Rxd6 28. f4 Re6 29. Kf2 Rae8 30. Nf3 Kf7 31. Rcd1 Bc6 32. h4 h5 33. g5 Re4 34. Nd2 Ra4 35. Nf1 fxg5 36. hxg5 b5 37. Nh2 b4 38. axb4 cxb4 39. cxb4 Rxb4 40. Rd2 d4 41. exd4 Re6 42. Re5 Rxe5 43. fxe5 Ke6 44. Nf1 Be4 45. Ng3 Bg6 46.
Ne2 Kf5 47. Ng3+ Kxg5 48. d5 h4 49. Ne2 Bf5 50. d6 Bd7 51. e6 Bxe6 52. d7 Bxd7 53. Rxd7 Kf6 54. Rd2 g5 55. Nd4 g4 56. Ke3 Ke5 57. b3 h3 58. Rd1 h2 59. Rh1 g3 60.
Nf3+ Kf5 61. Nxh2 Rxb3+ 62. Kd4 Rb4+ 63. Kc5 Rh4 64. Rf1+ Rf4 65. Rh1 Rf2 66. Rg1 gxh2 67.
Rh1 Kg4 0-1

[Event "*** MasterClass Titled Tuesday Blitz"]
[Site "Chess.com"]
[Date "2017.07.04"]
[Round "8"]
[White "AkshatChandra"]
[Black "BilodeauA"]
[Result "1-0"]
[WhiteElo "2676"]
[BlackElo "2624"]
[TimeControl "180+2"]
[EndTime "14:54:53 PDT"]
[Termination "AkshatChandra won by resignation"]

1. d4 d5 2. Bf4 Nf6 3. e3 c5 4.
c3 Nc6 5. Nd2 Bf5 6. Qb3 Qc8 7.
Ngf3 e6 8. Nh4 Be4 9. f3 Bg6 10. Nxg6 hxg6 11. g4 Be7 12. Bg2 O-O 13. O-O Qd7 14.
Rad1 Bd6 15. Bxd6 Qxd6 16. Qa3 b6 17. dxc5 Qxc5 18. Qxc5 bxc5 19. g5 Nd7 20. f4 Nb6 21. c4 Rad8 22. cxd5 exd5 23. Rc1 c4 24. b3 Na5 25. Rfd1 Rfe8 26. Kf2 d4 27. exd4 Rxd4 28.
Nxc4 Rxf4+ 29. Kg3 Rf5 30. Nxb6 Rxg5+ 31. Kf2 axb6 32.
b4 Rf5+ 33. Kg1 Re2 34. Bd5 Rg5+ 35. Kh1 Rh5 36. bxa5 Rhxh2+ 37. Kg1 bxa5 38. Rf1 Kh7 39. Rxf7 Rh5 40. Rd1 Rg5+ 41. Kf1 Rh2 42. Rf2 Rhh5 43. Bf3 Rh3 44. Rdd2 Kg8 45. Bd5+ Kh7 46. Rh2 Rhh5 47. Bf3 Rh6 48. Rxh6+ gxh6 49. Rd7+ Kh8 50. Rd5 Rxd5 51. Bxd5 Kg7 52. Ke2 h5 53. Ke3 Kf6 54. Ke4 g5 55. Bb3 Kg6 56. Ba4 h4 57. Be8+ Kf6 58. Bd7 Ke7 59.
Bh3 Kf6 60. Bg4 a4 61. Bh3 a3 62. Bg4 Kg6 63. Ke5 Kh6 64. Kf6 h3 65. Bxh3 Kh5 66.
Kf5 Kh4 67. Bg4 Kg3 68. Kxg5 Kf2 69. Kf4 1-0

[Event "*** MasterClass Titled Tuesday Blitz"]
[Site "Chess.com"]
[Date "2017.07.04"]
[Round "8"]
[White "Fy_Rakotomaharo"]
[Black "ulises2013"]
[Result "1-0"]
[WhiteElo "2376"]
[BlackElo "2308"]
[TimeControl "180+2"]
[EndTime "14:54:55 PDT"]
[Termination "Fy_Rakotomaharo won by resignation"]

1. d4 g6 2. c4 Bg7 3. e4 c5 4. d5 d6 5. Nc3 e5 6. h4 h5 7. Nh3 Nf6 8. Ng5 Nh7 9. Be2 Nxg5 10. hxg5 a6 11. Be3 f5 12. gxf6 Qxf6 13. Qd2 Nd7 14.
O-O-O Nf8 15. Kb1 Bd7 16. g3 Qf7 17. Rh2 O-O-O 18. Rdh1 Bf6 19. a4 Qe7 20. g4 Kb8 21. gxh5 gxh5 22. Rxh5 Rxh5 23. Rxh5 Ng6 24. Qe1 Nf4 25.
Rh2 Rg8 26. Qh1 Rg7 27. Bf1 Be8 28. Ka2 Bg6 29. Rh8+ Kc7 30. Qh2 Rf7 31. Rh6 Rh7 32. a5 Qg7 33. Rxh7 Qxh7 34. Bxf4 exf4 35. Qxf4 Be5 36.
Qf8 Qf7 37. Qxf7+ Bxf7 38. Ne2 Bh5 39. Ng3 Bf3 40. Bd3 Bd4 41. Nf5 Bxf2 42. b4 cxb4 43. Kb3 Bc5 44. Ng7 Bd1+ 45. Bc2 Bg4 46. Ne8+ Kd8 47. Nf6 Bh3 48. Nh5 Ke7 49. Nf4 Bf1 50. Bd3 Bxd3 51. Nxd3 Bd4 52. Kxb4 Kf6 53. c5 Be5 54. Kc4 Ke7 55. Nxe5 dxe5 56. Kd3 Kd7 57.
Ke3 b5 58. cxb6 Kd6 59. Kd3 Kd7 60. Kc4 Kd6 61. Kb4 Kd7 62. Kc5 1-0

[Event "*** MasterClass Titled Tuesday Blitz"]
[Site "Chess.com"]
[Date "2017.07.04"]
[Round "8"]
[White "BigMak2500"]
[Black "Muisback26"]
[Result "0-1"]
[WhiteElo "2405"]
[BlackElo "2597"]
[TimeControl "180+2"]
[EndTime "14:55:02 PDT"]
[Termination "Muisback26 won on time"]

1. e4 c5 2. Nf3 Nc6 3. d4 cxd4 4. Nxd4 Nf6 5. Nc3 e5 6. Ndb5 d6 7. Bg5 a6 8. Na3 Be6 9. Nc4 Rb8 10. Nd5 Bxd5 11. exd5 Ne7 12. Bxf6 gxf6 13. a4 f5 14. a5 Bg7 15. g4 fxg4 16. Qxg4 Ng6 17. Rg1 O-O 18. O-O-O f5 19. Qg3 Kh8 20. Kb1 Rc8 21. Nb6 Rc5 22. b4 Rc7 23. c4 e4 24.
h3 Qf6 25. Qb3 Re8 26. Ka2 e3 27. fxe3 Rxe3 28. Qb1 Rce7 29. Rg2 f4 30. Rc2 Rg3 31. c5 Ree3 32. Nc4 Ref3 33. Be2 Rf2 34. cxd6 Nf8 35. Bf1 Rff3 36. Be2 Rf2 37. Bf1 Rxc2+ 38. Qxc2 Rc3 39. Qb2 Qf5 40. Qb1 Qd7 41. Nb6 Qxd6 42. Rd3 Qf6 43.
Rxc3 Qxc3 44. Bd3 Qd2+ 45. Kb3 Qe3 46. Ka2 Qd4 47. Kb3 f3 48. Qc2 f2 0-1

[Event "*** MasterClass Titled Tuesday Blitz"]
[Site "Chess.com"]
[Date "2017.07.04"]
[Round "8"]
[White "Bad4life"]
[Black "charlescandycampbell"]
[Result "0-1"]
[WhiteElo "2270"]
[BlackElo "2116"]
[TimeControl "180+2"]
[EndTime "14:55:10 PDT"]
[Termination "charlescandycampbell won on time"]

1. e4 c6 2. Nc3 d5 3. Qe2 d4 4. Nd1 c5 5. f4 Nc6 6. d3 Nf6 7. Nf3 Bg4 8. Nf2 Bd7 9. e5 Nd5 10. g3 e6 11. Bg2 Be7 12. O-O O-O 13. a3 Qc7 14. Ne4 Rae8 15. Bd2 f6 16. exf6 Nxf6 17.
Neg5 Bd6 18. Rae1 e5 19. Nxe5 Nxe5 20. fxe5 Rxe5 21. Qd1 Rfe8 22. Rxe5 Rxe5 23. c4 Bc6 24. Bf4 Re7 25. Bxd6 Qxd6 26. Re1 Bxg2 27. Kxg2 Re5 28. Nf3 Re7 29. Re2 Ng4 30. Qe1 Ne3+ 31. Kg1 Rf7 32. Nd2 Qf6 33. Rf2 Qxf2+ 34. Qxf2 Rxf2 35. Kxf2 Nd1+ 36. Ke2 Nxb2 37. Ne4 b6 38. Kd2 Kf8 39. Nd6 Na4 40. Kc2 Ke7 41. Nc8+ Kd8 42. Nxa7 Nc3 43. Nb5 Ne2 44.
Nd6 Kd7 45. Ne4 Ng1 46. Ng5 h6 47. Ne4 Nf3 48. h4 Ke6 49. Kb3 Kd7 50. Ka4 Kc6 51. Kb3 Ne1 52. Nf2 g6 53. Kb2 h5 54. Kc1 Nf3 55.
Kc2 Nh2 56. Nh3 Nf1 57. Nf4 Nxg3 58. Nxg6 Nf5 59. Nf4 Nxh4 60. Nxh5 Nf5 61. Nf6 Ne3+ 62. Kd2 b5 63. Ne4 bxc4 64. a4 cxd3 65. Kxd3 Kd5 66.
Nd2 c4+ 67. Ke2 Nc2 68. a5 Nb4 69. Nf3 c3 70. Kd1 Kc4 0-1

[Event "*** MasterClass Titled Tuesday Blitz"]
[Site "Chess.com"]
[Date "2017.07.04"]
[Round "8"]
[White "Popopuiyt"]
[Black "GMKrikor"]
[Result "0-1"]
[WhiteElo "2233"]
[BlackElo "2465"]
[TimeControl "180+2"]
[EndTime "14:55:15 PDT"]
[Termination "GMKrikor won by resignation"]

1. d4 Nf6 2. c4 e6 3. Nc3 Bb4 4. e3 O-O 5. Bd3 d5 6. cxd5 exd5 7. Ne2 Re8 8. Bd2 Bd6 9. Rc1 c6 10. O-O Nbd7 11. f3 Bf8 12. Qe1 c5 13. Qh4 g6 14.
Nf4 Be7 15. Qf2 Nb6 16. dxc5 Bxc5 17. Nb5 Bd6 18. Nxd6 Qxd6 19. Bc3 Nbd7 20. Rfd1 Ne5 21. Bf1 Bd7 22. b4 Rac8 23. b5 Rc7 24. Qb2 Rcc8 25. Bd4 b6 26. a4 g5 27. Rxc8 Bxc8 28. Nxd5 Qxd5 29. e4 Qe6 30. Bf2 Qe7 31. Bg3 Bb7 32. Rc1 h6 33. h4 g4 34. f4 Nh5 35. Bf2 Nxf4 36. Bd4 f6 37. Qd2 Ne6 38. Bxe5 fxe5 39. Qxh6 Qg7 40. Qe3 Nd4 41. h5 Rf8 42. h6 Qf6 43.
Bc4+ Kh8 44. Bd3 Qf4 45. Qe1 g3 46. Rc7 Bc8 47. Rg7 Qf2+ 48. Qxf2 gxf2+ 49. Kf1 Be6 50. Rc7 Bg4 51. Re7 Be2+ 52. Bxe2 Nxe2 53. Rg7 Nc3 54. Rg4 Nd1 55. Rg3 Rd8 56. Rf3 Kh7 57. Rf6 Rd2 58. Rf3 Kxh6 59. a5 bxa5 60. g4 Kg5 61. b6 axb6 62. Rf5+ Kxg4 0-1

[Event "*** MasterClass Titled Tuesday Blitz"]
[Site "Chess.com"]
[Date "2017.07.04"]
[Round "8"]
[White "popov_m"]
[Black "viggi38"]
[Result "1-0"]
[WhiteElo "2413"]
[BlackElo "2259"]
[TimeControl "180+2"]
[EndTime "14:55:21 PDT"]
[Termination "popov_m won on time"]

1. d4 f5 2. Bf4 Nf6 3. Nc3 d5 4. Nb5 Na6 5. e3 c6 6. Nc3 Nc7 7. Nf3 e6 8. Ne5 Bd6 9. Bd3 O-O 10. Rg1 Ne4 11. Nxe4 fxe4 12. Be2 Ne8 13. g4 Nf6 14. g5 Nd7 15. Nxc6 Qc7 16. Ne7+ Kh8 17. g6 Rxf4 18. Nxc8 Rh4 19. Nxd6 Qxd6 20. Qd2 Rxh2 21. O-O-O h6 22. Rdf1 Rf8 23. Qe1 e5 24. dxe5 Nxe5 25. Kb1 Qf6 26. Qd1 Qc6 27. Qd4 Nd7 28. Rh1 Rxh1 29. Rxh1 Qxg6 30. Qxd5 Nb6 31. Qd4 Rxf2 32. Bd1 Qf5 33. Rg1 Qf6 34. Qxe4 Rf1 35. Qe8+ Kh7 36. Qe4+ Kh8 37. Rxf1 Qxf1 38. Qd4 Qf6 39. Qd3 Qc6 40.
b3 Nd5 41. Kb2 Qf6+ 42. c3 Nb6 43. Bc2 g6 44. Qe4 Kg7 45. Qxb7+ Qf7 46. Qe4 Nd5 47. Qd4+ Nf6 48. e4 Qd7 49. Qe3 Qe6 50. Qxa7+ Kg8 51. Qb8+ Kg7 52. a4 h5 53. a5 h4 54. Qb7+ Kh6 55.
a6 h3 56. a7 h2 57. e5 Nd5 58. a8=Q Qxe5 59. Qxd5 1-0